3AA
ATHLETIC CLUB KC ACADEMY @ BILLINGS POLAR BEARS
08/24/2038
 
TOP OF THE 1ST
Athletic Club KC Academy batting - Pitching for Billings Polar Bears : RHP Nick Rollins
Pitching: RHP Nick Rollins
Batting: RHB Gabriel Martínez 0-0: Foul Ball, location: 2F
0-1: Called Strike
0-2: Ball
1-2: Ball
2-2: Foul Ball, location: 2F
2-2: Ball
3-2: Foul Ball, location: 2F
3-2: Foul Ball, location: 2F
3-2: Ground out 5-3 (Groundball, 56, EV 103.1 MPH)
Batting: RHB Ali Ben Bongo 0-0: Fly out, F4 (Popup, 4D, EV 64.4 MPH)
Batting: RHB Donald Guegan 0-0: Called Strike
0-1: DOUBLE (Line Drive, 89D, EV 106.2 MPH)
Batting: LHB Oriol Fernández 0-0: Ball
1-0: Ball
2-0: Called Strike
2-1: Ground out 3-1 (Groundball, 34, EV 84.4 MPH)
Top of the 1st over - 0 runs, 1 hit, 0 errors, 1 left on base; Athletic Club KC Academy 0 - Billings 0
BOTTOM OF THE 1ST
Billings Polar Bears batting - Pitching for Athletic Club KC Academy : RHP Mokichi Watanabe
Pitching: RHP Mokichi Watanabe
Batting: SHB Manu Pakkarinen 0-0: Ground out 4-3 (Groundball, 4, EV 84.4 MPH)
Batting: RHB Wilbur Thomas 0-0: Called Strike
0-1: Foul Ball, location: 2F
0-2: Ball
1-2: Ball
2-2: Ground out 5-3 (Groundball, 56S, EV 68.1 MPH)
Batting: SHB Charles Geudre 0-0: Swinging Strike
0-1: Ball
1-1: Ball
2-1: Foul Ball, location: 2F
2-2: Ball
3-2: Foul Ball, location: 2F
3-2: Fly out, F5 (Popup, 5SF, EV 86.2 MPH)
Bottom of the 1st over - 0 runs, 0 hits, 0 errors, 0 left on base; Athletic Club KC Academy 0 - Billings 0
TOP OF THE 2ND
Athletic Club KC Academy batting - Pitching for Billings Polar Bears : RHP Nick Rollins
Batting: RHB Sancho Prieto 0-0: Ball
1-0: Foul Ball, location: 2F
1-1: Called Strike
1-2: Ball
2-2: Ball
3-2: SINGLE (Line Drive, 78M, EV 97.5 MPH)
Batting: LHB León Guillén 0-0: Called Strike
0-1: Ball
1-1: Foul Ball, location: 2F
1-2: Fielders Choice at 2nd, 3-6 (Groundball, 3, EV 104.4 MPH)
Batting: RHB Woody Thomas 0-0: Ball
1-0: Called Strike
1-1: Foul Ball, location: 2F
1-2: Foul Ball, location: 2F
1-2: Fielders Choice at 2nd, 5-4 (Groundball, 56, EV 83.1 MPH)
Batting: RHB Rodrigo Sousa 0-0: Ball
Woody Thomas steals 2nd base
1-0: Foul Ball, location: 2F
1-1: Ground out 6-3 (Groundball, 56, EV 80.0 MPH)
Top of the 2nd over - 0 runs, 1 hit, 0 errors, 1 left on base; Athletic Club KC Academy 0 - Billings 0
BOTTOM OF THE 2ND
Billings Polar Bears batting - Pitching for Athletic Club KC Academy : RHP Mokichi Watanabe
Batting: LHB Norbert Ingalsbe 0-0: Fly out, F8 (Flyball, 8RS, EV 88.1 MPH)
Batting: RHB Roberto Guerrero 0-0: Ball
1-0: Ground out 5-3 (Groundball, 56, EV 100.6 MPH)
Batting: RHB Shao Qigang 0-0: Ball
1-0: Foul Ball, location: 2F
1-1: Ball
2-1: Ball
3-1: Called Strike
3-2: Base on Balls
Batting: RHB Pat Bryant 0-0: Called Strike
0-1: Ball
1-1: Swinging Strike
1-2: Fly out, F8 (Flyball, 8RXD, EV 103.1 MPH)
Bottom of the 2nd over - 0 runs, 0 hits, 0 errors, 1 left on base; Athletic Club KC Academy 0 - Billings 0
TOP OF THE 3RD
Athletic Club KC Academy batting - Pitching for Billings Polar Bears : RHP Nick Rollins
Batting: RHB Jorge Ávila 0-0: Ball
1-0: Ball
2-0: Called Strike
2-1: Foul Ball, location: 2F
2-2: Strikes out swinging
Batting: RHB Gabriel Martínez 0-0: Ball
1-0: Ball
2-0: Ball
3-0: Called Strike
3-1: Base on Balls
Batting: RHB Ali Ben Bongo 0-0: Ball
1-0: Called Strike
1-1: Ball
2-1: Foul Ball, location: 2F
2-2: Ball
3-2: Ground out 4-3 (Groundball, 4, EV 101.2 MPH)
Gabriel Martínez to second
Batting: RHB Donald Guegan 0-0: Foul Ball, location: 2F
0-1: Swinging Strike
0-2: TRIPLE (Flyball, 8RXD, EV 86.9 MPH)
Gabriel Martínez scores
Batting: LHB Oriol Fernández 0-0: Swinging Strike
0-1: Ground out 1-3 (Groundball, 15S, EV 73.8 MPH)
Top of the 3rd over - 1 run, 1 hit, 0 errors, 1 left on base; Athletic Club KC Academy 1 - Billings 0
BOTTOM OF THE 3RD
Billings Polar Bears batting - Pitching for Athletic Club KC Academy : RHP Mokichi Watanabe
Batting: RHB Toni Vilen 0-0: Foul Ball, location: 2F
0-1: Foul Ball, location: 2F
0-2: Fly out, F7 (Flyball, 7S, EV 94.4 MPH)
Batting: RHB Ju-choer Park 0-0: Called Strike
0-1: Ground out 4-3 (Groundball, 34, EV 100.0 MPH)
Batting: SHB Manu Pakkarinen 0-0: Called Strike
0-1: Swinging Strike
0-2: SINGLE (Groundball, 4, EV 103.8 MPH) (infield hit)
Batting: RHB Wilbur Thomas 0-0: Ball
1-0: Ball
2-0: Fielders Choice at 2nd, 6-4 (Groundball, 6, EV 101.2 MPH)
Bottom of the 3rd over - 0 runs, 1 hit, 0 errors, 1 left on base; Athletic Club KC Academy 1 - Billings 0
TOP OF THE 4TH
Athletic Club KC Academy batting - Pitching for Billings Polar Bears : RHP Nick Rollins
Batting: RHB Sancho Prieto 0-0: Foul Ball, location: 2F
0-1: Swinging Strike
0-2: Ball
1-2: Ball
2-2: Strikes out swinging
Batting: LHB León Guillén 0-0: Ground out 4-3 (Groundball, 4D, EV 108.1 MPH)
Batting: RHB Woody Thomas 0-0: Ball
1-0: Ball
2-0: Ground out 6-3 (Groundball, 6, EV 109.4 MPH)
Top of the 4th over - 0 runs, 0 hits, 0 errors, 0 left on base; Athletic Club KC Academy 1 - Billings 0
BOTTOM OF THE 4TH
Billings Polar Bears batting - Pitching for Athletic Club KC Academy : RHP Mokichi Watanabe
Batting: SHB Charles Geudre 0-0: Called Strike
0-1: Ball
1-1: Ball
2-1: Ball
3-1: Base on Balls
Batting: LHB Norbert Ingalsbe 0-0: Ball
1-0: Called Strike
1-1: Ball
2-1: Foul Ball, location: 2F
2-2: Foul Ball, location: 2F
2-2: Foul Ball, location: 2F
2-2: Strikes out swinging
Batting: RHB Roberto Guerrero 0-0: Called Strike
0-1: Ball
1-1: Fly out, F8 (Flyball, 8LD, EV 103.8 MPH)
Batting: RHB Shao Qigang 0-0: Foul Ball, location: 2F
0-1: Swinging Strike
0-2: Ball
1-2: Ball
2-2: Fly out, F7 (Line Drive, 7, EV 94.4 MPH)
Bottom of the 4th over - 0 runs, 0 hits, 0 errors, 1 left on base; Athletic Club KC Academy 1 - Billings 0
TOP OF THE 5TH
Athletic Club KC Academy batting - Pitching for Billings Polar Bears : RHP Nick Rollins
Batting: RHB Rodrigo Sousa 0-0: Swinging Strike
0-1: Foul Ball, location: 2F
0-2: Ball
1-2: Ball
2-2: DOUBLE (Line Drive, 89M, EV 94.4 MPH)
Batting: RHB Jorge Ávila 0-0: Ground out 6-3 (Groundball, 56, EV 91.2 MPH)
Batting: RHB Gabriel Martínez 0-0: SINGLE (Groundball, 56, EV 81.9 MPH) (infield hit)
Rodrigo Sousa to third
Batting: RHB Ali Ben Bongo 0-0: Ball
Wild Pitch!
Rodrigo Sousa scores
Gabriel Martínez to second
1-0: Called Strike
1-1: Fly out, F7 (Flyball, 7LS, EV 95.6 MPH)
Batting: RHB Donald Guegan 0-0: Ball
1-0: Foul Ball, location: 2F
1-1: Ball
2-1: Ball
3-1: Base on Balls
Batting: LHB Oriol Fernández 0-0: Reached on error, E1 (Groundball, 23, EV 90.0 MPH)
Gabriel Martínez scores
Donald Guegan to third
Pitching: LHP Brant Mielke
Batting: RHB Sancho Prieto 0-0: Ball
1-0: Swinging Strike
1-1: Called Strike
1-2: Strikes out swinging
Top of the 5th over - 2 runs, 2 hits, 1 error, 2 left on base; Athletic Club KC Academy 3 - Billings 0
BOTTOM OF THE 5TH
Billings Polar Bears batting - Pitching for Athletic Club KC Academy : RHP Mokichi Watanabe
Batting: RHB Pat Bryant 0-0: Called Strike
0-1: Swinging Strike
0-2: Ball
1-2: Fly out, F5 (Line Drive, 5, EV 63.1 MPH)
Batting: RHB Toni Vilen 0-0: Ball
1-0: Ground out 5-3 (Groundball, 5S, EV 87.5 MPH)
Batting: RHB Ju-choer Park 0-0: Ball
1-0: Ball
2-0: Ground out 6-3 (Groundball, 56, EV 85.6 MPH)
Bottom of the 5th over - 0 runs, 0 hits, 0 errors, 0 left on base; Athletic Club KC Academy 3 - Billings 0
TOP OF THE 6TH
Athletic Club KC Academy batting - Pitching for Billings Polar Bears : LHP Brant Mielke
Batting: LHB León Guillén 0-0: Swinging Strike
0-1: Foul Ball, location: 2F
0-2: Ball
1-2: SINGLE (Groundball, 3D, EV 105.0 MPH)
Batting: RHB Woody Thomas 0-0: Ball
Wild Pitch!
León Guillén to second
1-0: Intentional Walk
Batting: RHB Rodrigo Sousa 0-0: Called Strike
0-1: Swinging Strike
0-2: DOUBLE (Line Drive, 7LD, EV 102.5 MPH)
León Guillén scores
Woody Thomas to third
Batting: RHB Jorge Ávila 0-0: Ball
1-0: Fly out, F8 (Flyball, 78D, EV 106.9 MPH)
Runner from 3rd tags up, SCORES, no throw by CF
Batting: RHB Gabriel Martínez 0-0: Called Strike
0-1: Ball
1-1: SINGLE (Groundball, 6D, EV 105.0 MPH)
Rodrigo Sousa to third
Batting: RHB Ali Ben Bongo 0-0: Called Strike
0-1: Ball
1-1: Swinging Strike
1-2: DOUBLE (Line Drive, 7LD, EV 106.9 MPH)
Rodrigo Sousa scores
Gabriel Martínez to third
Runner from 3rd tries for Home, SAFE, throw by LF to home
Pitching: LHP Brian Holman
Batting: RHB Donald Guegan 0-0: Ball
1-0: Swinging Strike
1-1: Ball
2-1: Called Strike
2-2: Ball
3-2: Strikes out swinging
Batting: LHB Oriol Fernández 0-0: Ground out 4-3 (Groundball, 34D, EV 106.2 MPH)
Top of the 6th over - 4 runs, 4 hits, 0 errors, 1 left on base; Athletic Club KC Academy 7 - Billings 0
BOTTOM OF THE 6TH
Billings Polar Bears batting - Pitching for Athletic Club KC Academy : RHP Mokichi Watanabe
Batting: SHB Manu Pakkarinen 0-0: Ball
1-0: Ball
2-0: Foul Ball, location: 2F
2-1: SINGLE (Groundball, 3D, EV 106.9 MPH)
Batting: RHB Wilbur Thomas 0-0: Swinging Strike
0-1: Ball
1-1: Ball
2-1: Foul Ball, location: 2F
2-2: Foul Ball, location: 2F
2-2: Ball
3-2: Foul Ball, location: 2F
3-2: Base on Balls
Manu Pakkarinen to second
Batting: SHB Charles Geudre 0-0: Called Strike
0-1: Ball
1-1: Called Strike
1-2: Ball
2-2: Fly out, F5 (Popup, 56, EV 63.8 MPH)
Batting: LHB Norbert Ingalsbe 0-0: Called Strike
0-1: Ball
1-1: Called Strike
Manu Pakkarinen is caught stealing 3rd base 2-5
1-2: Strikes out swinging
Bottom of the 6th over - 0 runs, 1 hit, 0 errors, 1 left on base; Athletic Club KC Academy 7 - Billings 0
TOP OF THE 7TH
Athletic Club KC Academy batting - Pitching for Billings Polar Bears : LHP Brian Holman
Batting: RHB Sancho Prieto 0-0: Called Strike
0-1: Ball
1-1: Foul Ball, location: 2F
1-2: Ball
2-2: Foul Ball, location: 2F
2-2: Ball
3-2: Foul Ball, location: 2F
3-2: SOLO HOME RUN (Flyball, 7D, EV 108.1 MPH), Distance : 380 ft
Pinch Hitting: RHB Andy Roarick 0-0: Ball
1-0: Swinging Strike
1-1: Swinging Strike
1-2: Strikes out looking
Batting: RHB Woody Thomas 0-0: SINGLE (Groundball, 56D, EV 99.4 MPH)
Batting: RHB Rodrigo Sousa 0-0: Foul Ball, location: 2F
0-1: Ball
1-1: Ball
2-1: Swinging Strike
2-2: Foul Ball, location: 2F
2-2: Ball
3-2: Fly out, F8 (Flyball, 78XD, EV 93.1 MPH)
Batting: RHB Jorge Ávila 0-0: Ball
1-0: Called Strike
1-1: Ground out U3 (Groundball, 3L, EV 85.6 MPH)
Top of the 7th over - 1 run, 2 hits, 0 errors, 1 left on base; Athletic Club KC Academy 8 - Billings 0
BOTTOM OF THE 7TH
Billings Polar Bears batting - Pitching for Athletic Club KC Academy : RHP Mokichi Watanabe
Now in LF: Andy Roarick
Batting: RHB Roberto Guerrero 0-0: Ball
1-0: Called Strike
1-1: Fly out, F7 (Line Drive, 7, EV 101.9 MPH)
Batting: RHB Shao Qigang 0-0: Ground out 5-3 (Groundball, 56S, EV 85.6 MPH)
Batting: RHB Pat Bryant 0-0: Fly out, F8 (Flyball, 8LD, EV 95.6 MPH)
Bottom of the 7th over - 0 runs, 0 hits, 0 errors, 0 left on base; Athletic Club KC Academy 8 - Billings 0
TOP OF THE 8TH
Athletic Club KC Academy batting - Pitching for Billings Polar Bears : LHP Brian Holman
Batting: RHB Gabriel Martínez 0-0: Swinging Strike
0-1: Ball
1-1: Foul Ball, location: 2F
1-2: SINGLE (Groundball, 4MD, EV 103.1 MPH)
Batting: RHB Ali Ben Bongo 0-0: Ball
1-0: Called Strike
1-1: Ball
2-1: Foul Ball, location: 2F
2-2: Ball
3-2: Foul Ball, location: 2F
3-2: Foul Ball, location: 2F
3-2: SINGLE (Groundball, 34S, EV 72.5 MPH) (infield hit)
Gabriel Martínez to second
Batting: RHB Donald Guegan 0-0: Ball
1-0: Swinging Strike
1-1: SINGLE (Line Drive, 89S, EV 111.2 MPH)
Gabriel Martínez to third
Ali Ben Bongo to second
Batting: LHB Oriol Fernández 0-0: Fly out, F8 (Flyball, 8RM, EV 92.5 MPH)
Runner from 3rd tags up, SCORES, throw by CF
Batting: RHB Sancho Prieto 0-0: Foul Ball, location: 2F
0-1: Ball
1-1: Foul Ball, location: 2F
1-2: Ball
2-2: Ball
3-2: Foul Ball, location: 2F
3-2: Foul Ball, location: 2F
3-2: Base on Balls
Ali Ben Bongo to third
Donald Guegan to second
Batting: RHB Andy Roarick 0-0: Foul Ball, location: 2F
0-1: Called Strike
0-2: Ball
1-2: Ball
2-2: Ball
3-2: Fly out, F7 (Line Drive, 7, EV 91.2 MPH)
Runner from 3rd tags up, SCORES, throw by LF
Batting: RHB Woody Thomas 0-0: Ground out 2-3 (Groundball, 2R, EV 67.5 MPH)
Top of the 8th over - 2 runs, 3 hits, 0 errors, 2 left on base; Athletic Club KC Academy 10 - Billings 0
BOTTOM OF THE 8TH
Billings Polar Bears batting - Pitching for Athletic Club KC Academy : RHP Mokichi Watanabe
Batting: RHB Toni Vilen 0-0: Ball
1-0: Ball
2-0: Called Strike
2-1: Ball
3-1: Foul Ball, location: 2F
3-2: Foul Ball, location: 2F
3-2: Foul Ball, location: 2F
3-2: Strikes out swinging
Batting: RHB Ju-choer Park 0-0: Swinging Strike
0-1: Swinging Strike
0-2: Ball
1-2: Strikes out swinging
Pinch Hitting: RHB Kunimatsu Furukawa 0-0: Ball
1-0: Swinging Strike
1-1: SINGLE (Groundball, 6MD, EV 100.0 MPH)
Batting: RHB Wilbur Thomas 0-0: Fielders Choice at 2nd, 5-4 (Groundball, 5, EV 99.4 MPH)
Bottom of the 8th over - 0 runs, 1 hit, 0 errors, 1 left on base; Athletic Club KC Academy 10 - Billings 0
TOP OF THE 9TH
Athletic Club KC Academy batting - Pitching for Billings Polar Bears : LHP Brian Holman
Now at SS: Kunimatsu Furukawa
Batting: RHB Rodrigo Sousa 0-0: Called Strike
0-1: Ball
1-1: Ball
2-1: Ball
3-1: Called Strike
3-2: Foul Ball, location: 2F
3-2: TRIPLE (Flyball, 78XD, EV 107.5 MPH)
Pitching: LHP Alberto Jaramillo
Batting: RHB Jorge Ávila 0-0: Called Strike
0-1: Foul Ball, location: 2F
0-2: Ball
1-2: Strikes out swinging
Batting: RHB Gabriel Martínez 0-0: Ball
1-0: Called Strike
1-1: Ball
2-1: SINGLE (Groundball, 34D, EV 99.4 MPH)
Rodrigo Sousa scores
Batting: RHB Ali Ben Bongo 0-0: Fly out, F9 (Flyball, 9, EV 83.1 MPH)
Batting: RHB Donald Guegan 0-0: Called Strike
0-1: Ball
1-1: Ball
2-1: Ball
3-1: Base on Balls
Gabriel Martínez to second
Batting: LHB Oriol Fernández 0-0: Swinging Strike
0-1: Ball
1-1: Swinging Strike
1-2: Ball
2-2: Ball
3-2: Ground out 4-3 (Groundball, 4M, EV 105.6 MPH)
Top of the 9th over - 1 run, 2 hits, 0 errors, 2 left on base; Athletic Club KC Academy 11 - Billings 0
BOTTOM OF THE 9TH
Billings Polar Bears batting - Pitching for Athletic Club KC Academy : RHP Mokichi Watanabe
Batting: SHB Charles Geudre 0-0: Foul Ball, location: 2F
0-1: Swinging Strike
0-2: Ball
1-2: SINGLE (Groundball, 34D, EV 96.9 MPH)
Batting: LHB Norbert Ingalsbe 0-0: Ball
1-0: Ball
2-0: Ball
3-0: Called Strike
3-1: Base on Balls
Charles Geudre to second
Pitching: LHP Justin Wright
Batting: RHB Roberto Guerrero 0-0: Ball
1-0: Ball
2-0: Foul Ball, location: 2F
2-1: Grounds into double play, 6-4-3 (Groundball, 6S, EV 78.8 MPH)
Charles Geudre to third
Batting: RHB Shao Qigang 0-0: Called Strike
0-1: Swinging Strike
0-2: Ball
1-2: SINGLE (Groundball, 6MD, EV 103.8 MPH)
Charles Geudre scores
Batting: RHB Pat Bryant 0-0: Swinging Strike
0-1: Called Strike
0-2: Foul Ball, location: 2F
0-2: Ball
1-2: SINGLE (Groundball, P, EV 70.0 MPH) (infield hit)
Shao Qigang to second
Batting: RHB Toni Vilen 0-0: Ball
1-0: Called Strike
1-1: Reached on error, E5 (Groundball, 56S, EV 91.2 MPH)
Shao Qigang to third
Pat Bryant to second
Batting: RHB Ju-choer Park 0-0: SINGLE (Groundball, 56D, EV 96.9 MPH)
Shao Qigang scores
Pat Bryant to third
Toni Vilen to second
Batting: RHB Kunimatsu Furukawa 0-0: Ball
1-0: Foul Ball, location: 2F
1-1: Foul Ball, location: 2F
1-2: DOUBLE (Line Drive, 5D, EV 96.9 MPH)
Pat Bryant scores
Toni Vilen scores
Ju-choer Park to third
Batting: RHB Wilbur Thomas 0-0: Ball
1-0: Swinging Strike
1-1: Foul Ball, location: 2F
1-2: Ball
2-2: Foul Ball, location: 2F
2-2: Ball
3-2: Ground out 6-3 (Groundball, 6, EV 93.1 MPH)
Bottom of the 9th over - 4 runs, 5 hits, 1 error, 2 left on base; Athletic Club KC Academy 11 - Billings 4
Friday, April 17th, 2020 - OOTP Baseball 20.8 Build 74